 Dungeon Crawl Stone Soup version 0.21-b1-23-g1fb0a74 (webtiles) character file.

30574 Megalobster the Grappler (level 13, -22/126 (127) HPs)
             Began as a Troll Monk on Jan 5, 2018.
             Was an Elder of Yredelemnul.
             Annihilated by a death ooze (25 damage)
             ... on level 6 of the Lair of Beasts.
             The game lasted 00:53:43 (15706 turns).

Megalobster the Grappler (Troll Monk)              Turns: 15706, Time: 00:53:43

HP:   -22/126 (127) AC:  5    Str: 27    XL:     13   Next: 21%
MP:   19/19         EV: 14    Int:  6    God:    Yredelemnul [****..]
Gold: 893           SH:  0    Dex: 13    Spells: 12/12 levels left

rFire    + + .     SeeInvis .     - Unarmed
rCold    + + .     Gourm    +   (no shield)
rNeg     . . .     Faith    .   a - +0 robe
rPois    .         Spirit   .   (helmet restricted)
rElec    .         Reflect  .   J - scarf {rC+ rF+}
rCorr    .         Harm     .   (gloves unavailable)
MR       .....     Clarity  +   (boots unavailable)
Stlth    ++........             o - amulet of regeneration
HPRegen  0.00/turn              (no ring)
MPRegen  0.16/turn              (no ring)

@: non-regenerating, diseased
A: large, unfitting armour, claws 3, clarity, cold resistance 1, fire resistance
1, fast metabolism 3, gourmand, regeneration 1, shaggy fur 1, strong 1, tough
skin 2
a: Recall Undead Slaves, Injury Mirror, Animate Dead, Drain Life, Renounce
Religion


You were on level 6 of the Lair of Beasts.
You worshipped Yredelemnul.
Yredelemnul was greatly pleased with you.
You were completely stuffed.

You visited 3 branches of the dungeon, and saw 17 of its levels.
You also visited: Sewer, Ossuary and Volcano.

You collected 893 gold pieces.

Inventory:

Hand Weapons
 y - a +0 blowgun
 z - the +2 dagger of Awkwardness {vamp, rPois MR+++ Str+6 Int-3, unknown}
   (You found it on level 5 of the Dungeon)

   It inflicts no extra harm, but heals its wielder when it wounds a living foe.
   It affects your strength (+6).
   It affects your intelligence (-3).
   It protects you from poison.
   It affects your resistance to hostile enchantments.
Missiles
 e - 451 stones
 m - 8 curare-tipped needles
 r - 17 tomahawks (quivered)
 A - 51 poisoned needles
 D - 2 large rocks
 P - 10 needles of sleeping
Armour
 a - a +0 robe (worn)
 J - a scarf of resistance (worn)
 M - a +1 cloak of poison resistance
Magical Staves
 O - an uncursed staff of poison
Jewellery
 o - an amulet of regeneration (around neck)
 G - an uncursed ring of ice
Wands
 c - a wand of scattershot (3)
 v - a wand of flame (13)
 x - a wand of clouds (5)
 E - a wand of enslavement (7)
 H - a wand of iceblast (14)
 L - a wand of digging (11)
 Q - a wand of acid (2)
 S - a wand of disintegration (14)
Scrolls
 d - 5 scrolls of magic mapping
 f - 2 scrolls of fog {unknown}
 g - 3 scrolls of random uselessness {unknown}
 i - 11 scrolls of remove curse
 l - 4 scrolls of fear
 n - 7 scrolls of immolation
 p - 6 scrolls of teleportation
 s - 3 scrolls of enchant weapon {unknown}
 t - 5 scrolls of blinking
 w - a scroll of identify
 F - 2 scrolls of enchant armour {unknown}
 I - 3 scrolls of silence {unknown}
 T - a scroll of amnesia {unknown}
 W - a scroll of noise {unknown}
Potions
 h - 4 potions of ambrosia
 j - 5 potions of heal wounds
 k - 4 potions of brilliance
 q - 4 potions of invisibility
 u - 2 potions of haste
 B - 12 potions of curing
 C - 2 potions of might
 U - a potion of flight
 Y - a potion of berserk rage {unknown}
Books
 R - a book of Cantrips

   Spells                             Type                      Level
   a - Confusing Touch                Hexes                        1
   b - Animate Skeleton               Necromancy                   1
   c - Summon Small Mammal            Summoning                    1
   d - Apportation                    Translocation                1
Miscellaneous
 N - a lightning rod (4/4)
 Z - a box of beasts
Comestibles
 b - 25 rations
 K - 9 chunks of flesh


   Skills:
 + Level 8.1 Fighting
 + Level 7.9 Throwing
 + Level 8.0 Dodging
 - Level 1.0 Stealth
 * Level 13.3 Unarmed Combat
 * Level 9.6 Invocations


You had 12 spell levels left.
You didn't know any spells.

Dungeon Overview and Level Annotations

Branches:
Dungeon (10/15)            Temple (1/1) D:7            Lair (6/6) D:10
 Shoals (0/4) Lair:3        Snake (0/4) Lair:4          Orc (0/2) D:9
  Slime: Lair:5-6

Altars:
Sif Muna
Xom
Yredelemnul
The Shining One

Shops:
D:4 :   D:7 %


Innate Abilities, Weirdness & Mutations

You are too large for most types of armour.
You have claws for hands.
Your metabolism is lightning-fast.
You like to eat raw meat.
Your natural rate of healing is unusually fast.
You are covered in fur. (AC +1)
You have very tough skin. (AC +2)
You possess an exceptional clarity of mind.
Your flesh is cold resistant. (rC+)
Your flesh is heat resistant. (rF+)
Your muscles are strong. (Str +2)


Message History

The basilisk gazes at you.
You easily resist.
The crocodile bites you!
The ooze jiggles.
The jelly hits you but does no damage. The ooze hits you.
The death ooze hits you. The death ooze completely misses you.
The eight-headed hydra closely misses you.
The eight-headed hydra bites you.
The eight-headed hydra closely misses you. x2
The eight-headed hydra barely misses you.
The eight-headed hydra bites you! x2
* * * LOW HITPOINT WARNING * * *
The eight-headed hydra bites you.
* * * LOW HITPOINT WARNING * * *
An ooze and an azure jelly come into view.
The crocodile bites you!
* * * LOW HITPOINT WARNING * * *
The great orb of eyes completely misses you.
The death ooze hits you!!
You die...
Your body rises from the dead as a mindless zombie.

..............%
..........l....
...............
..............
#............
#........?.#
#...J......##
#J.JJ@t.....P
..J..JJGD.....#
.J#....t......#
#..........#.
#.##P##..#.#
#.# ## .## # ##
##


You could see an azure jelly (wandering), an eight-headed hydra, a great orb of
eyes, a death ooze, a basilisk, 2 crocodiles, 2 jellies and 4 oozes.

Vanquished Creatures
  Rupert (Lair:3)
  Nessos (Lair:4)
  A hydra (Lair:2)
  Erica (D:8)
  3 death yaks (Lair:4)
  Sonja (Lair:1)
  A lindwurm (Lair:5)
  A merfolk siren (Lair:3)
  Maurice (D:9)
  A black mamba (Lair:2)
  2 spiny frogs
  3 komodo dragons
  A rime drake (Lair:5)
  A merfolk (Lair:3)
  A polar bear (Lair:5)
  6 blink frogs
  10 dream sheep (Lair:5)
  4 hippogriffs
  A spriggan (D:8)
  36 yaks
  A wyvern (Lair:4)
  2 fire bats (Volcano)
  2 basilisks (Lair:3)
  Grum (D:9)
  2 hungry ghosts
  3 nagas (Lair:4)
  Menkaure (D:6)
  7 water moccasins
  2 porcupines
  2 ice beasts
  A black bear (D:10)
  3 phantoms
  2 orc warriors
  An eye of draining (D:10)
  A necrophage (D:10)
  3 ogres
  7 wolves
  A sky beast (D:8)
  A centaur (D:9)
  3 crocodiles
  2 big kobolds
  16 bullfrogs
  A scorpion (D:7)
  7 howler monkeys
  A wolf zombie (Lair:1)
  A yak skeleton (Lair:1)
  3 crimson imps
  3 lava snakes (Volcano)
  A centaur zombie (D:10)
  2 orc priests
  2 centaur skeletons
  8 hounds
  A bullfrog zombie (D:5)
  10 orc wizards
  2 bullfrog skeletons
  Natasha (thrice) (D:2)
  3 iguanas
  6 worker ants
  A big kobold zombie (Ossuary)
  A hound zombie (Ossuary)
  4 mummies (Ossuary)
  A howler monkey skeleton (D:8)
  4 river rats (Sewer)
  10 adders
  A white imp (D:10)
  3 adder zombies
  3 adder skeletons
  A worm (D:3)
  4 dart slugs
  11 leopard geckos
  18 orcs
  8 bats
  5 giant cockroaches
  3 gnoll zombies (Ossuary)
  7 hobgoblins
  6 jackals
  31 kobolds
  5 quokkas
  7 ball pythons
  6 frilled lizards
  4 goblins
  A hobgoblin zombie (Ossuary)
  A jackal zombie (Ossuary)
  A kobold zombie (Ossuary)
  An orc zombie (Ossuary)
  32 rats
  A rat zombie (Ossuary)
  3 plants
379 creatures vanquished.

Vanquished Creatures (collateral kills)
  A great orb of eyes (Lair:5)
  2 hydras
  2 death yaks (Lair:4)
  A black mamba (Lair:3)
  3 spiny frogs
  2 komodo dragons (Lair:5)
  A blink frog (Lair:3)
  3 dream sheep (Lair:5)
  A hippogriff (Lair:1)
  9 yaks
  3 water moccasins
  A porcupine (Lair:4)
  An eye of draining (D:10)
  A wolf (D:9)
  3 electric eels
  A wolf zombie (Lair:1)
  A jelly (Lair:5)
  An ooze (Lair:5)
  An orc (D:9)
  3 fungi
  6 plants
47 creatures vanquished.

Vanquished Creatures (others)
  A death yak zombie (Lair:4)
  2 spiny frog zombies (Lair:4)
  3 dream sheep zombies (Lair:5)
  A blink frog zombie (Lair:2)
  A blink frog skeleton (Lair:2)
  A komodo dragon zombie (Lair:5)
  A water moccasin zombie (Lair:5)
  5 yak zombies (Lair:5)
  2 yak skeletons
  3 wolf zombies
  A bullfrog zombie (Lair:4)
  A porcupine zombie (Lair:5)
  A human zombie (D:9)
  3 mummies
  3 howler monkey zombies
  An adder (D:8)
  2 fungi (Lair:3)
  A plant (Lair:5)
33 creatures vanquished.

Grand Total: 459 creatures vanquished

Notes
Turn   | Place    | Note
-------+----------+-------------------------------------------
     0 | D:1      | Megalobster the Troll Monk began the quest for the Orb.
     0 | D:1      | Reached XP level 1. HP: 22/22 MP: 0/0
   137 | D:1      | Reached XP level 2. HP: 29/29 MP: 1/1
   425 | D:1      | Reached skill level 4 in Unarmed Combat
   593 | D:1      | Reached XP level 3. HP: 25/36 MP: 2/2
   931 | D:2      | Noticed Natasha
   944 | D:2      | Killed Natasha
   944 | D:2      | Reached XP level 4. HP: 44/44 MP: 3/3
   968 | D:2      | Noticed Natasha
   978 | D:2      | Killed Natasha
   978 | D:2      | Reached skill level 5 in Unarmed Combat
  1161 | D:2      | Noticed Natasha
  1661 | D:2      | Killed Natasha
  1661 | D:2      | Reached XP level 5. HP: 37/52 MP: 4/4
  1723 | D:3      | Noticed an ogre
  1733 | D:3      | Killed an ogre
  1906 | D:3      | Reached XP level 6. HP: 32/61 MP: 5/5
  2354 | D:4      | Reached skill level 6 in Unarmed Combat
  2467 | D:4      | Reached skill level 1 in Throwing
  2654 | D:4      | Found Poocyan's Book Boutique.
  2845 | D:4      | Found a glowing drain.
  2855 | Sewer    | Entered a sewer
  2894 | Sewer    | Reached XP level 7. HP: 67/67 MP: 6/6
  4049 | D:5      | Entered Level 5 of the Dungeon
  4070 | D:5      | Reached skill level 7 in Unarmed Combat
  4168 | D:5      | Got a faintly glowing dagger
  4501 | D:5      | Found a sand-covered staircase.
  4524 | Ossuary  | Entered an ossuary
  4538 | Ossuary  | Reached XP level 8. HP: 66/78 MP: 7/7
  5063 | D:6      | Noticed Menkaure
  5070 | D:6      | Killed Menkaure
  5295 | D:6      | Reached skill level 8 in Unarmed Combat
  5383 | D:6      | Found a glowing golden altar of the Shining One.
  6079 | D:7      | Found Oriet's Food Shop.
  6082 | D:7      | Reached XP level 9. HP: 81/87 MP: 8/8
  6276 | D:7      | Reached skill level 5 in Fighting
  6325 | D:7      | Found a staircase to the Ecumenical Temple.
  6334 | Temple   | Entered the Ecumenical Temple
  6338 | Temple   | Became a worshipper of Yredelemnul the Dark
  6338 | Temple   | Reached * piety under Yredelemnul
  6338 | Temple   | Reached ** piety under Yredelemnul
  6529 | D:7      | Reached skill level 5 in Dodging
  6720 | D:7      | Reached skill level 9 in Unarmed Combat
  6730 | D:7      | Reached skill level 1 in Invocations
  7096 | D:8      | You fall through a shaft for 2 floors!
  7096 | D:10     | Entered Level 10 of the Dungeon
  7376 | D:8      | Noticed Erica
  7387 | D:8      | Killed Erica
  7453 | D:8      | Reached XP level 10. HP: 75/98 MP: 11/11
  7626 | D:8      | Reached skill level 10 in Unarmed Combat
  7647 | D:8      | Reached skill level 5 in Throwing
  7649 | D:8      | Reached *** piety under Yredelemnul
  7706 | D:8      | Found a shimmering altar of Xom.
  8456 | D:9      | Noticed Maurice
  8464 | D:9      | Killed Maurice
  8640 | D:9      | Noticed Grum
  8648 | D:9      | Your ally Maurice died
  8649 | D:9      | Killed Grum
  8906 | D:9      | Found a staircase to the Orcish Mines.
  9381 | D:10     | Reached skill level 5 in Invocations
  9701 | D:10     | Found a staircase to the Lair.
 10069 | Lair:1   | Entered Level 1 of the Lair of Beasts
 10116 | Lair:1   | Reached XP level 11. HP: 84/106 MP: 14/14
 10117 | Lair:1   | Received a gift from Yredelemnul (a mummy)
 10200 | Lair:1   | Reached skill level 11 in Unarmed Combat
 10403 | Lair:1   | Noticed Sonja
 10478 | Lair:1   | Killed Sonja
 11054 | Lair:2   | Found a dark tunnel.
 11061 | Lair:2   | Noticed an eight-headed hydra
 11070 | Lair:2   | Killed an eight-headed hydra
 11104 | Volcano  | Entered a volcano
 11835 | Lair:2   | Noticed a six-headed hydra
 11837 | Lair:2   | Killed a six-headed hydra
 11837 | Lair:2   | Reached **** piety under Yredelemnul
 12323 | Lair:3   | Received a gift from Yredelemnul (a mummy)
 12409 | Lair:3   | Noticed Rupert
 12413 | Lair:3   | Paralysed by Rupert for 7 turns
 12427 | Lair:3   | Killed Rupert
 12708 | Lair:3   | Reached skill level 12 in Unarmed Combat
 12708 | Lair:3   | Reached XP level 12. HP: 94/118 MP: 16/16
 12950 | Lair:3   | Found a staircase to the Shoals.
 13510 | Lair:4   | Noticed a death yak
 13515 | Lair:4   | Noticed a death yak
 13522 | Lair:4   | Killed a death yak
 13527 | Lair:4   | Killed a death yak
 13561 | Lair:4   | Noticed a death yak
 13562 | Lair:4   | Noticed a death yak
 13562 | Lair:4   | Noticed a death yak
 13578 | Lair:4   | Killed a death yak
 13585 | Lair:4   | Killed a death yak
 13588 | Lair:4   | Killed a death yak
 13885 | Lair:4   | Noticed Nessos
 13919 | Lair:4   | Killed Nessos
 14017 | Lair:4   | Found a staircase to the Snake Pit.
 14390 | Lair:5   | Received a gift from Yredelemnul (a mummy)
 14404 | Lair:5   | Gained mutation: Your flesh is cold resistant. (rC+) [potion of mutation]
 14404 | Lair:5   | Gained mutation: Your muscles are strong. (Str +2) [potion of mutation]
 14404 | Lair:5   | Gained mutation: You possess an exceptional clarity of mind. [potion of mutation]
 14404 | Lair:5   | Gained mutation: Your flesh is heat resistant. (rF+) [potion of mutation]
 14646 | Lair:5   | Reached skill level 13 in Unarmed Combat
 14908 | Lair:5   | Reached XP level 13. HP: 125/127 MP: 18/18
 15462 | Lair:6   | Entered Level 6 of the Lair of Beasts
 15547 | Lair:6   | Noticed an azure jelly
 15605 | Lair:6   | Noticed a death ooze
 15706 | Lair:6   | Noticed an azure jelly
 15706 | Lair:6   | HP: 3/126 [crocodile (16)]
 15706 | Lair:6   | Annihilated by a death ooze

Skill      XL: |  1  2  3  4  5  6  7  8  9 10 11 12 13 |
---------------+----------------------------------------+-----
Unarmed Combat | 4 5 6 7 8 9 10 12 13 | 13.3
Fighting       | 3 4 5 6 7 8 |  8.1
Dodging        | 3 4 5 6 7 8 |  8.0
Throwing       | 1 2 3 4 5 6 7 |  7.9
Invocations    | 3 5 7 9 |  9.6
Stealth        | |  1.0

Action                   |  1- 3 |  4- 6 |  7- 9 | 10-12 | 13-15 || total
-------------------------+-------+-------+-------+-------+-------++-------
Melee: Unarmed           |    93 |   156 |   386 |   502 |    42 ||  1179
       Punch             |     1 |     7 |    15 |    24 |     4 ||    51
Throw: Stone             |       |       |     3 |    56 |       ||    59
       Large rock        |       |       |       |    20 |       ||    20
       Tomahawk          |       |       |       |    28 |     2 ||    30
Invok: Animate Remains   |       |       |     3 |     1 |       ||     4
       Animate Dead      |       |       |       |    28 |     5 ||    33
       Drain Life        |       |       |       |     6 |     1 ||     7
  Use: Potion            |       |     2 |     8 |    10 |       ||    20
       Scroll            |       |       |     8 |     3 |       ||    11
 Stab: Sleeping          |     3 |       |     2 |     2 |       ||     7
       Distracted        |       |       |     1 |     3 |       ||     4
  Eat: Chunk             |    14 |    18 |    36 |    55 |    11 ||   134
       Ration            |       |       |     2 |    12 |       ||    14
Armor: Robe              |    41 |    36 |    81 |    62 |    14 ||   234
       Skin              |    16 |     1 |       |    55 |       ||    72
Dodge: Dodged            |    59 |    65 |   242 |   225 |    72 ||   663
